 Dungeon Crawl Stone Soup version 0.19.1-1-g22dce08 (webtiles) character file.

1680 graki42 the Thaumaturge (level 8, -2/43 HPs)
             Began as a Deep Elf Fire Elementalist on Dec 30, 2016.
             Was an Initiate of Vehumet.
             Killed by miscasting Fireball (23 damage)
             ... on level 6 of the Dungeon.
             The game lasted 00:33:26 (5642 turns).

graki42 the Thaumaturge (DEFE)                      Turns: 5642, Time: 00:33:27

Health: -2/43      AC:  6    Str:  9    XL:     8   Next: 70%
Magic:  2/22       EV: 15    Int: 21    God:    Vehumet [......]
Gold:   308        SH:  0    Dex: 15    Spells: 5 memorised, 8 levels left

rFire  + . .     SeeInvis .     k - +0 dagger
rCold  . . .     Gourm    .     v - +0 robe {rF+}
rNeg   . . .     Faith    .     (no shield)
rPois  +         Spirit   .     o - +0 hat
rElec  .         Reflect  .     J - +0 cloak
rCorr  .         Harm     .     b - +1 pair of gloves
MR     .....                    l - +0 pair of boots
Stlth  +++.......               h - amulet of regeneration
                                K - +2 ring of strength
                                n - ring of poison resistance

@: very slightly contaminated
A: no striking features
a: Renounce Religion


You were on level 6 of the Dungeon.
You worshipped Vehumet.
Vehumet was noncommittal.
You were not hungry.

You visited 2 branches of the dungeon, and saw 7 of its levels.
You also visited: Sewer.

You collected 308 gold pieces.

Inventory:

Hand Weapons
 k - a +0 dagger (weapon)
 t - a +0 blowgun
Missiles
 u - 19 poisoned needles
Armour
 b - a +1 pair of gloves (worn)
 l - a +0 pair of boots (worn)
 o - a +0 hat (worn)
 v - a +0 robe of fire resistance (worn)
 J - a +0 cloak (worn)
Jewellery
 h - an amulet of regeneration (around neck)
 m - an uncursed amulet of rage
 n - a ring of poison resistance (left hand)
 K - a +2 ring of strength (right hand)
Wands
 r - a wand of paralysis (17/24)
 H - a wand of slowing (36/48)
Scrolls
 e - 2 scrolls of identify
 f - a scroll of fear {unknown}
 q - 3 scrolls of teleportation
 s - 2 scrolls of recharging
 w - a scroll of blinking {unknown}
 y - a scroll of enchant armour {unknown}
 z - a scroll of immolation {unknown}
 A - a scroll of noise {unknown}
 D - a scroll of vulnerability {unknown}
 E - a scroll of fog
 G - 2 scrolls of random uselessness {unknown}
Potions
 g - a potion of flight
 i - a potion of invisibility {unknown}
 j - 2 potions of curing
 p - 3 potions of brilliance
 B - a potion of heal wounds
 F - 2 potions of agility {unknown}
Comestibles
 a - a royal jelly
 c - 3 bread rations
 d - a slice of pizza
 x - 4 meat rations
 C - a beef jerky
 I - a chunk of flesh


   Skills:
 + Level 1.6 Fighting
 + Level 0.2 Short Blades
 + Level 4.7 Dodging
 + Level 3.7 Stealth
 + Level 8.8 Spellcasting
 + Level 5.9 Conjurations
 + Level 2.9 Hexes
 + Level 6.3 Fire Magic


You had 8 spell levels left.
You knew the following spells:

 Your Spells              Type           Power        Failure   Level  Hunger
a - Flame Tongue          Conj/Fire      #####        1%          1    None
b - Conjure Flame         Conj/Fire      #####...     1%          3    None
c - Inner Flame           Hex/Fire       ####....     3%          3    None
d - Sticky Flame          Conj/Fire      #####...     8%          4    ###....
e - Fireball              Conj/Fire      #####.....   21%         5    #####..


Dungeon Overview and Level Annotations

Branches:
Dungeon (6/15)             Temple (1/1) D:5

Altars:
Ashenzari
Cheibriados
Fedhas
Hepliaklqana
Kikubaaqudgha
Makhleb
Nemelex Xobeh
Okawaru
Qazlal
Trog
Uskayaw
Vehumet
Xom
Yredelemnul
The Shining One


Message History

Beogh smites you! The quokka misses you.
The orc warrior is engulfed in roaring flames.
The orc warrior explodes!
The fiery explosion engulfs the quokka.
You kill the quokka!
Vehumet accepts your kill. The fiery explosion engulfs you! You resist.
Vehumet accepts your kill.
An orc comes into view. It is wielding a mace.
You start resting.
Casting: Flame Tongue
Confirm with . or Enter, or press ? or * to list all spells.
Aiming: Fireball
Press: ? - help, Shift-Dir - straight line, f - orc priest
Aim: an orc priest, wielding a hand axe You miscast Fireball.
You are very lightly contaminated with residual magic.
Energy rips through your body!
Ouch! That really hurt!
You die...

#ooo.))%.%.#
#######.##.##
#..%..# ... ##....#
#..# #o##.# #..#
##.##.# #..#
###...#.#
#..######.......#
##......##@#...###
.####...##.#.#.##.##
..........###..##.#
####...##.#.####.o
##.## #.# #### #.#
#.# #.# # # #.#
#####.#


You could see an orc priest.

Vanquished Creatures
  The ghost of Haldmier the Ruffian, an amateur VSTm (D:3)
  Eustachio (D:5)
  An orc warrior (D:6)
  An ogre (D:5)
  6 killer bees (D:5)
  A howler monkey (D:5)
  A quasit (D:6)
  4 hounds
  A gnoll shaman (D:5)
  2 orc priests (D:5)
  Natasha (thrice) (D:4)
  5 orc wizards
  2 iguanas
  A worker ant (D:5)
  Terence (D:2)
  A hound zombie (D:5)
  9 gnolls
  8 adders
  A shadow imp (D:6)
  An ooze (D:3)
  6 worms
  3 dart slugs
  6 leopard geckos
  24 orcs
  5 ball pythons (Sewer)
  8 giant cockroaches
  9 goblins
  8 hobgoblins
  12 jackals
  17 kobolds
  A quokka (D:6)
  4 bats (D:1)
  9 frilled lizards
  A goblin zombie (D:6)
  A jackal skeleton (D:5)
  2 kobold zombies (D:6)
  An orc skeleton (D:6)
  2 orc zombies (D:6)
  12 rats
182 creatures vanquished.

Vanquished Creatures (others)
  A rat (D:1)
1 creature vanquished.

Grand Total: 183 creatures vanquished

Notes
Turn   | Place    | Note
-------+----------+-------------------------------------------
     0 | D:1      | graki42 the Deep Elf Fire Elementalist began the quest for the Orb.
     0 | D:1      | Reached XP level 1. HP: 10/10 MP: 6/6
    70 | D:1      | Reached XP level 2. HP: 13/15 MP: 0/8
   457 | D:1      | Reached XP level 3. HP: 19/19 MP: 0/9
   987 | D:2      | Learned a level 3 spell: Conjure Flame
   991 | D:2      | Learned a level 3 spell: Inner Flame
  1106 | D:2      | Noticed Terence
  1186 | D:2      | Killed Terence
  1186 | D:2      | Reached XP level 4. HP: 12/24 MP: 0/11
  1285 | D:2      | Reached skill level 4 in Spellcasting
  1307 | D:2      | You fall through a shaft!
  1318 | D:3      | Noticed Haldmier's ghost (amateur VSTm)
  1641 | D:3      | Found a glowing drain.
  1651 | D:3      | Reached XP level 5. HP: 25/28 MP: 0/13
  1658 | Sewer    | Entered a sewer
  2461 | D:3      | Reached skill level 1 in Hexes
  2592 | D:3      | Killed Haldmier's ghost
  2592 | D:3      | Reached skill level 5 in Spellcasting
  2592 | D:3      | Reached XP level 6. HP: 21/33 MP: 5/16
  3153 | D:2      | Reached skill level 5 in Fire Magic
  3449 | D:4      | Learned a level 4 spell: Sticky Flame
  3455 | D:4      | Learned a level 5 spell: Fireball
  3510 | D:4      | Noticed Natasha
  3514 | D:4      | Killed Natasha
  3660 | D:4      | Reached skill level 6 in Spellcasting
  3660 | D:4      | Reached XP level 7. HP: 37/37 MP: 7/18
  3665 | D:4      | Noticed Natasha
  3671 | D:4      | Killed Natasha
  3786 | D:4      | Noticed Natasha
  3793 | D:4      | Killed Natasha
  4187 | D:5      | Entered Level 5 of the Dungeon
  4514 | D:5      | Found a burning altar of Makhleb.
  4535 | D:5      | Noticed Eustachio
  4538 | D:5      | Killed Eustachio
  4538 | D:5      | Reached skill level 1 in Fighting
  4584 | D:5      | Found a basalt altar of Yredelemnul.
  4606 | D:5      | Reached skill level 7 in Spellcasting
  4836 | D:5      | Reached skill level 5 in Conjurations
  4836 | D:5      | Reached XP level 8. HP: 38/43 MP: 3/20
  5174 | D:5      | Reached skill level 8 in Spellcasting
  5194 | D:5      | Found a staircase to the Ecumenical Temple.
  5201 | Temple   | Entered the Ecumenical Temple
  5227 | Temple   | Became a worshipper of Vehumet
  5549 | D:6      | Found a glowing golden altar of the Shining One.
  5642 | D:6      | Killed by miscasting Fireball

Skill      XL: |  1  2  3  4  5  6  7  8 |
---------------+-------------------------+-----
Dodging        | 3 4 |  4.7
Fire Magic     | 4 5 6 |  6.3
Spellcasting   | 4 5 6 7 8 |  8.8
Conjurations   | 2 3 5 |  5.9
Stealth        | 3 |  3.7
Hexes          | 1 2 |  2.9
Fighting       | 1 |  1.6
Short Blades   | |  0.2

Action                   |  1- 3 |  4- 6 |  7- 9 || total
-------------------------+-------+-------+-------++-------
Melee: Dagger            |       |    19 |    15 ||    34
 Cast: Flame Tongue      |    90 |   131 |   102 ||   323
       Inner Flame       |     1 |     6 |     7 ||    14
       Conjure Flame     |       |     3 |     6 ||     9
       Sticky Flame      |       |     1 |    15 ||    16
       Fireball          |       |       |     1 ||     1
Evoke: Wand              |       |     1 |       ||     1
  Use: Scroll            |     2 |     6 |     3 ||    11
       Potion            |       |       |     4 ||     4
 Stab: Sleeping          |       |     1 |       ||     1
  Eat: Chunk             |       |     8 |     8 ||    16
       Beef jerky        |       |     1 |       ||     1
Armor: Robe              |    34 |    20 |    20 ||    74
Dodge: Dodged            |    68 |    76 |    80 ||   224
